 Dungeon Crawl Stone Soup version 0.32-a0-141-g04fe69798e (webtiles) character file.

Game seed: 13152687048762021362

54 Kenran the Ruffian (level 3, 0/31 HPs)
             Began as a Minotaur Cinder Acolyte on Feb 11, 2024.
             Was a High Priest of Ignis.
             Succumbed to a scorpion's poison
             ... on level 2 of the Dungeon.
             The game lasted 00:02:06 (1290 turns).

Kenran the Ruffian (Minotaur Cinder Acolyte)        Turns: 1290, Time: 00:02:06

Health: 0/31       AC:  2    Str: 20    XL:     3   Next: 66%
Magic:  3/3        EV: 11    Int: 11    God:    Ignis [*****.]
Gold:   55         SH:  0    Dex:  5    Spells: 4/4 levels left

rFire   + .          .
                       - Unarmed
rCold   . . .        (no shield)
rNeg    . . .        a - +0 robe
rPois   .            (helmet restricted)
rElec   .            (no cloak)
rCorr   .            (no gloves)
SInv    .            (no boots)
Will    .....        (no amulet)
Stlth   +            (no ring)
HPRegen 0.25/turn    (no ring)
MPRegen 0.08/turn

%: no passive effects
@: brilliant, lethally poisoned (0 -> -2)
A: horns 2, retaliatory headbutt
a: Renounce Religion, Fiery Armour, Foxfire Swarm, Rising Flame


You were on level 2 of the Dungeon.
You worshipped Ignis.
Ignis was extremely pleased with you.
You visited 1 branch of the dungeon, and saw 2 of its levels.

You collected 83 gold pieces.
You spent 28 gold pieces at shops.

Inventory:

Armour
 a - a +0 robe (worn)
Jewellery
 i - a ring of fire
Scrolls
 b - a scroll of vulnerability {!r}
 f - a scroll of brand weapon
 h - a scroll of teleportation
Potions
 c - a potion of haste
 d - a potion of brilliance
 e - a potion of enlightenment {unknown}
 g - a potion of degeneration {unknown}


   Skills:
 - Level 3.6 Fighting
 + Level 5.2 Unarmed Combat
 - Level 1.0 Spellcasting
 - Level 2.1 Fire Magic


You had 4 spell levels left.
You didn't know any spells.
Your spell library contained the following spells:

 Spells                   Type           Power      Damage    Failure   Level
 Scorch                   Fire           16%        2d5       21%         2


Dungeon Overview and Level Annotations

Branches:
Dungeon (2/15)

Altars:

Shops:
D:1 ?


Innate Abilities, Weirdness & Mutations

You have a pair of horns on your head.
You reflexively headbutt those who attack you in melee.


Message History

You punch the scorpion!
The scorpion is moderately wounded.
The scorpion completely misses you. You furiously retaliate!
You headbutt the scorpion, but do no damage.
You hit the scorpion.
The scorpion is heavily wounded.
The scorpion closely misses you.
You closely miss the scorpion.
The scorpion is heavily wounded.
The scorpion stings you but does no damage.
You barely miss the scorpion.
The scorpion is heavily wounded.
The scorpion stings you but does no damage.
You barely miss the scorpion. Your headbutt misses the scorpion.
The scorpion is heavily wounded.
The scorpion stings you but does no damage.
The scorpion stings you.
You are poisoned.
The scorpion poisons you!
You hit the scorpion but do no damage.
The scorpion is heavily wounded.
You feel sick. The scorpion closely misses you.
You barely miss the scorpion.
The scorpion is heavily wounded.
You feel sick. The scorpion stings you.
You hit the scorpion but do no damage.
The scorpion is heavily wounded.
You feel sick. The scorpion closely misses you.
You barely miss the scorpion.
The scorpion is heavily wounded.
The scorpion stings you.
* * * LOW HITPOINT WARNING * * *
You barely miss the scorpion.
The scorpion is heavily wounded.
You feel sick. The scorpion stings you.
* * * LOW HITPOINT WARNING * * *
It was a potion of brilliance.
You feel clever all of a sudden.
You die...
Ignis goes out, and joins you in death.

######### #.......#
#.......# #### #..<....#
## #..# #.......# ..#
#..# ####.......# .....#
#.<###....†.....#
......###.........>.....#
..........@#....†########
......#..s##.##.##
.....##...#....#
......#........#
#...##...#.###########
##......##............
##.»..#.......#########
##
#......................
.#
#....#.........##......


You could see a scorpion.

Vanquished Creatures
  2 adders (D:2)
  A dart slug (D:1)
  A ribbon worm (D:2)
  7 ball pythons
  3 endoplasms
  A giant cockroach (D:2)
  A goblin (D:2)
  5 hobgoblins (D:1)
  2 jackals (D:2)
  4 bats
  A frilled lizard (D:2)
  2 kobolds
  4 rats
34 creatures vanquished.

Notes
Turn   | Place    | Note
-------+----------+-------------------------------------------
     0 | D:1      | Kenran the Minotaur Cinder Acolyte began the quest for the
                  | Orb.
     0 | D:1      | Reached XP level 1. HP: 19/19 MP: 1/1
   244 | D:1      | Reached skill level 4 in Unarmed Combat
   244 | D:1      | Reached XP level 2. HP: 24/26 MP: 2/2
   613 | D:1      | Found Feimuor's Magic Scroll Shop.
   618 | D:1      | Bought a scroll of identify for 28 gold pieces
   835 | D:2      | Reached XP level 3. HP: 12/31 MP: 3/3
   927 | D:2      | Found a faded altar of an unknown god.
  1204 | D:2      | Reached skill level 5 in Unarmed Combat
  1271 | D:2      | Noticed a scorpion
  1289 | D:2      | HP: 1/31 [scorpion (6)]
  1290 | D:2      | Succumbed to a scorpion's poison

Illustrated notes

Levels and vault maps discovered:
D:1:      arrival_zaba_pyramid, layout_loops_ring, serial_shops,
          nicolae_shop_hallway_plus
D:2:      layout_rooms, shapermc_ecumenical_altar_starsandcircs,
          minmay_shallow_snake_nest, uniq_crazy_yiuf_cottage

Skill      XL: |  1  2  3 |
---------------+----------+-----
Unarmed Combat | 4 5 |  5.2
Fighting       | |  3.6
Spellcasting   | |  1.0
Fire Magic     | |  2.1

Action                     || total
---------------------------++-------
  Melee: Unarmed           ||   104
         Headbutt          ||     9
         Punch             ||     6
    Use: Scroll            ||     4
         Potion            ||     1
 Armour: Robe              ||    64
  Dodge: Dodged            ||    54

Table legend: (Time is in decaauts)
 A = Elapsed time spent in this place.
 B = Non-inter-level travel time spent in this place.
 C = Inter-level travel time spent in this place.
 D = Time resting spent in this place.
 E = Time spent auto-exploring this place.
 F = Levels seen in this place.
 G = Mean time per level.
                   A        B        C        D        E       F      G
               +--------+--------+--------+--------+--------+-----+--------+
         Total |   1282 |   1253 |     29 |     87 |    923 |   2 |  641.0 |
       Dungeon |   1282 |   1253 |     29 |     87 |    923 |   2 |  641.0 |
               +--------+--------+--------+--------+--------+-----+--------+

Top non-repeatable levels by time:
     D:1: 802 daAuts
     D:2: 480 daAuts
